 Dungeon Crawl Stone Soup version 0.14-a0-30-gf0b6e91 (webtiles) character file.

188 krumphau the Magician (level 4, 0/25 HPs)
             Began as a High Elf Wizard on Sept 26, 2013.
             Succumbed to an adder's poison
             ... on Level 2 of the Dungeon.
             The game lasted 00:12:30 (2208 turns).

krumphau the Magician (High Elf Wizard)             Turns: 2208, Time: 00:12:30

HP   0/25        AC  2     Str  8      XL: 4   Next: 28%
MP  15/16        EV 12     Int 23      God:
Gold 101         SH  0     Dex 13      Spells:  1 memorised, 13 levels left

Res.Fire  : . . .   See Invis. : .   p - +0,+1 short sword
Res.Cold  : . . .   Warding    : .   a - +0 elf robe
Life Prot.: . . .   Conserve   : .   (no shield)
Res.Poison: .       Res.Corr.  : .   b - +0 elf wizard hat
Res.Elec. : .       Clarity    : .   (no cloak)
Sust.Abil.: . .     Spirit.Shd : .   (no gloves)
Res.Mut.  : .       Stasis     : .   (no boots)
Res.Rott. : .       Flight     : .   (no amulet)
Saprovore : . . .                    (no ring)
                                     (no ring)

@: mildly poisoned, slightly resistant to hostile enchantments, fairly stealthy
A: Str +2
a: no special abilities


You were on level 2 of the Dungeon.
You were not hungry.

You visited 1 branch of the dungeon, and saw 2 of its levels.

You collected 81 gold pieces.

Inventory:

Hand weapons
 p - a +0,+1 short sword (weapon)
Armour
 a - a +0 elven robe (worn)
 b - a +0 elven wizard hat (worn)
Comestibles
 d - a bread ration
 o - a pear
 q - 2 rotting chunks of goblin flesh
 s - a meat ration
Scrolls
 f - 3 scrolls of remove curse {unknown}
 g - a scroll of identify
 h - a scroll of blinking
Books
 c - a book of Minor Magic

   Spells                             Type                      Level
   *Magic Dart                        Conjuration                  1
   Blink                              Translocation                2
   Call Imp                           Summoning                    2
   Repel Missiles                     Charms/Air                   2
   Slow                               Hexes                        2
   Conjure Flame                      Conjuration/Fire             3
   Mephitic Cloud                     Conjuration/Poison/Air       3


   Skills:
 + Level 2.1 Dodging
 - Level 2.1 Stealth
 + Level 5.7 Spellcasting
 + Level 1.4 Conjurations
   Level 0.8 Summonings
   Level 1.1 Translocations


You had 13 spell levels left.
You knew the following spells:

 Your Spells              Type           Power        Failure   Level  Hunger
a - Magic Dart            Conj           ##..         6%          1    None


Dungeon Overview and Level Annotations

Branches:
Dungeon (2/27)

Altars:


Innate Abilities, Weirdness & Mutations

Your muscles are strong. (Str +2)


Message History

* * * LOW HITPOINT WARNING * * *
You feel sick.
You see here a giant newt corpse.
You feel a little less agile now.
You stop butchering the corpse.
You start butchering the giant newt corpse with your short sword.
You continue butchering the corpse.
You finish chopping the giant newt corpse into pieces.
i - a chunk of giant newt flesh Eat a chunk of giant newt flesh? (ye/n/q/i?) This raw flesh tastes terrible.
You continue eating.
* * * LOW HITPOINT WARNING * * *
You feel sick.
You continue eating.
Eat which item? (? for menu, Esc to quit)
Okay, then.
* * * LOW HITPOINT WARNING * * *
You feel sick.
You die...

.# #........ .. #########.###.#.
.# #.......)....... .#
#.#######.###.#. .# #.# #.#...#.
§# ####.#######....... ##§#
................).. §§§#
#....<.......)..%. ####
#@.....########...
#...#...........(. ####
.#+#####........#####..#. #....#
................##....... #....#
#......................... #....#
#..........#.....[...##.#.
.....###..........#............#.
.....##...........##..##.....##..
.....##...........##..#..........


There were no monsters in sight!

Vanquished Creatures
  2 adders (D:2)
  A worm (D:2)
  A giant mite (D:1)
  3 giant geckos
  3 giant cockroaches
  9 goblins
  2 hobgoblins
  6 jackals
  6 kobolds
  8 bats
  4 giant newts
  4 rats
49 creatures vanquished.

Notes
Turn   | Place    | Note
--------------------------------------------------------------
     0 | D:1      | krumphau, the High Elf Wizard, began the quest for the Orb.
     0 | D:1      | Reached XP level 1. HP: 9/9 MP: 6/6
   312 | D:1      | Reached skill level 4 in Spellcasting
   391 | D:1      | Reached XP level 2. HP: 10/15 MP: 0/9
  1040 | D:1      | Reached XP level 3. HP: 19/19 MP: 9/12
  1413 | D:2      | Reached skill level 5 in Spellcasting
  2040 | D:2      | Reached XP level 4. HP: 23/25 MP: 7/16
  2152 | D:2      | Gained mutation: Your muscles are strong. (Str +2) [potion of beneficial mutation]
  2204 | D:2      | HP: 1/25 [poisoned by an adder]
  2208 | D:2      | Succumbed to an adder's poison

Action                   |  1- 3 |  4- 6 || total
-------------------------+-------+-------++-------
Melee: Unarmed           |     4 |       ||     4
       Dagger            |     2 |       ||     2
 Cast: Magic Dart        |   133 |    15 ||   148
  Use: Scroll            |       |     7 ||     7
       Potion            |       |     4 ||     4
